AoeStats
← Seeker

Baltic

510606917Analyzed
2v2 RM · 18h ago on Oct 1, 2026· 36m 16s· 4 players
Game mode
Random Map
Map size
Medium (4 player)
Population
200
Speed
Normal
Resources
Standard
Victory
Conquest
Starting age
Dark Age
Ending age
Imperial Age
RankedLock teamsTeams togetherTeam positionsShared explorationLock speedFull tech treeHidden civsTurbo modeCheats
Victory
Defeat
🇨🇱 Cumans · Chile
778
+16
🇷🇸 Byzantines · Serbia
747
+18
🇨🇿 Bohemians · Czechia
777
-17
🇨🇿 Spanish · Czechia
776
-17
Seeker
11:16 Feudal Age
11:49 Double-Bit Axe
19:59 Castle Age
18:03 Horse Collar
19:07 Gold Mining
19:15 Stone Mining
21:06 Wheelbarrow
21:21 Bow Saw
28:13 Gold Shaft Mining
30:10 Forging
34:33 Iron Casting
34:04 Scale Barding Armor
36:21 Chain Barding Armor
g.ulloa
0:38 Loom
11:10 Feudal Age
12:47 Double-Bit Axe
19:14 Town Watch
19:35 Gold Mining
19:38 Fletching
21:28 Forging
26:59 Castle Age
29:00 Horse Collar
29:20 Bodkin Arrow
28:48 Crossbowman
29:35 Thumb Ring
30:36 Stone Mining
32:16 Bow Saw
36:46 Imperial Age
34:54 Wheelbarrow
Bubbly_Bee
0:30 Loom
13:36 Feudal Age
15:34 Fishing Lines
17:53 Horse Collar
18:21 Double-Bit Axe
25:21 Castle Age
26:22 Heavy Plow
27:14 Man-at-Arms
28:20 Forging
28:16 Scale Barding Armor
27:43 Pikeman
31:03 Chain Barding Armor
31:13 Husbandry
33:53 Murder Holes
34:09 Masonry
36:15 Iron Casting
36:03 Squires
v.sla13
6:00 Loom
11:52 Feudal Age
13:27 Double-Bit Axe
22:27 Castle Age
24:55 Bow Saw
29:59 Wheelbarrow
34:49 Chemistry
37:51 Imperial Age
Connection lost

Rejoining the realm…

Still unreachable

The connection could not be restored.

Session expired

The server has moved on; the page needs a fresh start.